 Dungeon Crawl Stone Soup version 0.30-a0-1157-g2cc9ac7196 (webtiles) character file.

Game seed: 14031319015582338040

189 Newt the Trooper (level 5, -1/43 HPs)
             Began as a Demonspawn Gladiator on Apr 24, 2023.
             Killed by divine providence
             ... invoked by an orc priest
              (15 damage)
             ... on level 4 of the Dungeon.
             The game lasted 00:02:51 (2934 turns).

Newt the Trooper (Demonspawn Gladiator)             Turns: 2934, Time: 00:02:52

Health: -1/43      AC:  6    Str: 16    XL:     5   Next: 40%
Magic:  5/5        EV: 13    Int: 10    God:
Gold:   1246       SH:  0    Dex: 14    Spells: 4/4 levels left

rFire   . . .        d - +3 flail
rCold   . . .        (no shield)
rNeg    . . .        b - +0 leather armour
rPois   .            c - +0 helmet
rElec   .            (no cloak)
rCorr   .            m - +1 pair of gloves
SInv    .            (no boots)
Will    +....        (no amulet)
Stlth   +            q - ring of willpower
HPRegen 1.27/turn    (no ring)
MPRegen 0.09/turn

%: no passive effects
@: no status effects
A: powered by death 2
a: no special abilities


You were on level 4 of the Dungeon.
You visited 1 branch of the dungeon, and saw 4 of its levels.

You collected 1246 gold pieces.

Inventory:

Hand Weapons
 a - a +0 rapier of flaming
 d - a +3 flail (weapon)
Missiles
 f - 45 stones (quivered)
 l - 10 poisoned darts
 w - a throwing net
Armour
 b - a +0 leather armour (worn)
 c - a +0 helmet (worn)
 h - an orb of wrath
 m - a +1 pair of gloves (worn)
Jewellery
 q - a ring of willpower (left hand)
Wands
 g - a wand of flame (17)
Scrolls
 n - 2 scrolls of blinking
 p - 2 scrolls of teleportation {unknown}
 r - a scroll of vulnerability {unknown}
 s - a scroll of poison {unknown}
 v - a scroll of fog {unknown}
 x - a scroll of immolation {unknown}
Potions
 i - a potion of brilliance
 j - 2 potions of cancellation
 k - 2 potions of curing
 o - a potion of lignification
 u - a potion of attraction


   Skills:
 + Level 4.7 Fighting
 - Level 2.6 Short Blades
 - Level 1.7 Throwing
 - Level 4.0 Dodging


You had 4 spell levels left.
You didn't know any spells.
Your spell library contained the following spells:

 Spells                   Type           Power      Damage    Failure   Level
 Kiss of Death            Conj/Necr      0%         2d5       43%         1
 Ensorcelled Hibernation  Hex/Ice        0%         N/A       56%         2
 Passwall                 Tmut/Erth      0%         N/A       56%         2
 Confusing Touch          Hex            0%         N/A       80%         3
 Inner Flame              Hex/Fire       0%         N/A       80%         3
 Swiftness                Air            0%         N/A       80%         3
 Vhi's Electric Charge    Tloc/Air       0%         N/A       80%         3
 Dispel Undead            Necr           0%         3d6       99%         4
 Flame Wave               Conj/Fire      0%         2d4       99%         4
 Sticky Flame             Conj/Fire      0%         2d3       99%         4
 Arcjolt                  Conj/Air       0%         1d10      100%        5
 Maxwell's Capacitive Co  Air            0%         ∞         100%        8


Dungeon Overview and Level Annotations

Branches:
Dungeon (4/15)
 Temple: D:4-7

Altars:
Nemelex Xobeh
Uskayaw
Wu Jian
Xom


Innate Abilities, Weirdness & Mutations

You regenerate health from kills.


Message History

You throw a javelin. The orc shouts!
The javelin pierces through the orc priest.
The orc priest is lightly wounded.
The javelin pierces through the orc priest!
The orc priest is almost dead.
You hear a shout!
Unknown command.
The orc priest calls upon Beogh to heal the orc priest.
The orc priest is healed somewhat.
The orc priest calls upon Beogh to heal the orc priest.
The orc priest's wounds heal themselves!
An orc comes into view. It is wielding a +0 short sword.
A hobgoblin comes into view.
The orc priest misses you.
The orc priest hits you but does no damage.
You barely miss the orc priest.
The orc priest is heavily wounded.
The orc priest hits you with a +0 trident.
The orc priest hits you with a +0 whip.
The orc priest begins to cast a cantrip, but forgets the words!
The orc priest closely misses you.
You closely miss the orc priest.
The orc priest is heavily wounded.
The orc priest calls down the wrath of Beogh upon you.
Beogh smites you! The orc priest completely misses you.
An orc comes into view. It is wielding a +0 flail.
You barely miss the orc priest.
The orc priest is heavily wounded.
The orc closely misses you.
The orc priest hits you with a +0 trident.
The orc priest hits you but does no damage.
The orc barely misses you. The orc priest barely misses you.
The orc priest calls down the wrath of Beogh upon you.
Pain shoots through your body!
You sock the orc priest!
You kill the orc priest!
The orc priest mumbles some strange prayers to Beogh against you.
Beogh smites you!
You die...

##. ## #.≈§....# #.
...#.≈..... #. _.#.≈....
#. ...≈... #. §#####....
##. ....§§§§o## ##..
≈≈≈≈≈≈§§o.###########...
o§(.§§g@o...............
...####...###########...
#..## ##.. #.## ##. #.#
#. #.# #. #.# #. #.# #.
####.


You could see an orc priest, 2 orcs and a hobgoblin.

Vanquished Creatures
  An orc priest (D:4)
  Jessica (D:2)
  Terence (D:3)
  Robin (D:2)
  5 adders
  2 worms
  A dart slug (D:3)
  3 orcs (D:3)
  A bat (D:1)
  11 endoplasms
  A giant cockroach (D:2)
  8 goblins
  10 hobgoblins
  5 quokkas
  7 ball pythons
  A frilled lizard (D:2)
  7 kobolds
  4 rats
70 creatures vanquished.

Notes
Turn   | Place    | Note
-------+----------+-------------------------------------------
     0 | D:1      | Newt the Demonspawn Gladiator began the quest for the Orb.
     0 | D:1      | Reached XP level 1. HP: 16/16 MP: 1/1
   123 | D:1      | Gained mutation: You regenerate a little health from kills.
                  | [demonic ancestry]
   123 | D:1      | Reached XP level 2. HP: 22/23 MP: 2/2
   888 | D:2      | Noticed Robin
   891 | D:2      | Reached XP level 3. HP: 27/29 MP: 3/3
   896 | D:2      | Killed Robin
  1255 | D:2      | Noticed Jessica
  1277 | D:2      | Killed Jessica
  1278 | D:2      | Reached XP level 4. HP: 32/37 MP: 4/4
  1671 | D:3      | Found a shimmering altar of Xom.
  1673 | D:3      | Found a shimmering altar of Xom.
  1673 | D:3      | Found a sparkling altar of Nemelex Xobeh.
  1675 | D:3      | Found a shimmering blue altar of Sif Muna.
  1675 | D:3      | Found a hazy altar of Hepliaklqana.
  1675 | D:3      | Found an ornate altar of the Wu Jian Council.
  1726 | D:3      | Identified a scroll of acquirement
  1726 | D:3      | Acquired 1026 gold pieces
  2093 | D:3      | Noticed Terence
  2108 | D:3      | Killed Terence
  2109 | D:3      | Gained mutation: You regenerate health from kills. [demonic
                  | ancestry]
  2109 | D:3      | Reached XP level 5. HP: 9/43 MP: 5/5
  2924 | D:4      | Found a hide-covered altar of Uskayaw.
  2934 | D:4      | Killed from afar by an orc priest

Illustrated notes

Levels and vault maps discovered:
D:1:      amcnicky_arrival_feature_with_door, layout_rooms,
          shapermc_ecumenical_altar_mp_urbaneastern
D:2:      layout_basic, uniq_jessica, uniq_robin
D:3:      layout_loops_ring, doesnt_xom_only_xom, uniq_terence
D:4:      layout_loops_corners, lemuel_doored_altar,
          mainiacjoe_overflow_brackets, serial_shops, kennysheep_mini_moat

Skill      XL: |  1  2  3  4 |
---------------+-------------+-----
Fighting       | 3 4 |  4.7
Dodging        | 3 4 |  4.0
Short Blades   | |  2.6
Throwing       | |  1.7

Action                     |  1- 3 |  4- 6 || total
---------------------------+-------+-------++-------
  Melee: Rapier            |   108 |    62 ||   170
         Punch             |     1 |       ||     1
         Flail             |       |    30 ||    30
  Throw: Javelin           |     1 |     1 ||     2
         Dart              |       |     6 ||     6
         Throwing net      |       |     3 ||     3
    Use: Scroll            |     5 |     4 ||     9
   Stab: Sleeping          |     2 |       ||     2
 Armour: Leather armour    |    25 |    34 ||    59
  Dodge: Dodged            |    46 |    66 ||   112

Table legend: (Time is in decaauts)
 A = Elapsed time spent in this place.
 B = Non-inter-level travel time spent in this place.
 C = Inter-level travel time spent in this place.
 D = Time resting spent in this place.
 E = Time spent auto-exploring this place.
 F = Levels seen in this place.
 G = Mean time per level.
                   A        B        C        D        E       F      G
               +--------+--------+--------+--------+--------+-----+--------+
         Total |   2955 |   2889 |     66 |    638 |   1723 |   4 |  738.8 |
       Dungeon |   2955 |   2889 |     66 |    638 |   1723 |   4 |  738.8 |
               +--------+--------+--------+--------+--------+-----+--------+

Top non-repeatable levels by time:
     D:3: 1053 daAuts
     D:2: 955 daAuts
     D:1: 697 daAuts
     D:4: 249 daAuts
